cohdb
Replays
Latest Replays
All Replays
Popular Replays
Top Player Replays
Match Explorer
How It Works
Community
CoH3 Stats
Reddit
Sign in to upload your games and track your stats! →
Sign in with Steam
Match 43185936
Unlisted
Match 43185936
Overview
Messages
Build Orders
End
Panzergrenadier Squad
Selects Italian Infantry
250 Light Carrier
Panzergrenadier Squad
Construct Light Support Kompanie
MG34 Team
Combat Half-tracks
2.5-tonne Medical Truck
Assault Grenadier Squad
Selects Guastatori Squad
Fire Support Elements
Flakvierling Half-track
Assault Grenadier Squad
Pak 38 Anti-tank Gun Team
Selects Registered Artillery
Guastatori Squad
Construct Panzerarmee Kommand
Selects Towed Cannone da 105/28 Field Howitzer
Panzer III L Medium Tank
Selects Defensive Operations
Selects Prepared Positions
Panzer III L Medium Tank
Guastatori Squad
Panzer III L Medium Tank
Tungsten Core Ammunition
Abscess
Bushleague
amird100
Bran
DrewP
Dillbro
0
0
Comments
sign in to comment!
No comments posted yet!